 Dungeon Sprint DCSS version 0.27-a0-1154-gfdeffcb720 (webtiles) character file.

Game seed: 6601758116424408963

900000 Zeld the Wrestler (level 15, -6/116 HPs)
             Began as an Octopode Gladiator on May 14, 2021.
             Was a Follower of Makhleb.
             Mangled by a meat berserker
             ... wielding a +9 battleaxe
              (56 damage)
             ... in the Dungeon (Sprint VIII: "Arena of Blood").
             The game lasted 00:00:33 (9 turns).

Zeld the Wrestler (Octopode Gladiator)                 Turns: 9, Time: 00:00:33

Health: -6/116     AC:  1    Str: 18    XL:     15   Next: 66%
Magic:  15/15      EV: 27    Int: 11    God:    Makhleb [*.....]
Gold:   0          SH:  0    Dex: 15    Spells: 14/14 levels left

rFire    . . .     SeeInvis .   i - +∞ Axe of Woe
rCold    . . .     Faith    .   (shield currently unavailable)
rNeg     . . .     Spirit   .   a - +0 hat
rPois    .         Reflect  .   (no amulet)
rElec    .         Harm     .   (no ring)
rCorr    .         Rampage  .   (no ring)
Will     +....     NoTele   +   (no ring)
Stlth    ++........             (no ring)
HPRegen  0.29/turn              (no ring)
MPRegen  0.14/turn              (no ring)
                                (no ring)
                                (no ring)

@: no status effects
A: almost no armour, amphibious, 8 rings, camouflage 1, gelatinous body 1,
(nimble swimmer 1), tentacles
a: Renounce Religion


You were in the Dungeon.
You worshipped Makhleb.
Makhleb was aware of your devotion.
You visited 1 branch

Inventory:

Hand Weapons
 i - the +∞ Axe of Woe (weapon)
   (You found it in the Dungeon)
Missiles
 b - 3 throwing nets (quivered)
Armour
 a - a +0 hat (worn)
Scrolls
 h - a scroll of blinking
Potions
 c - a potion of curing
 d - a potion of heal wounds
 e - a potion of haste
 f - 2 potions of magic
 g - a potion of berserk rage


   Skills:
 * Level 15.4 Fighting
 * Level 7.0 Axes
 * Level 14.9 Throwing
 * Level 25.0 Dodging
 * Level 25.1 Unarmed Combat


You had 14 spell levels left.
You didn't know any spells.
Your spell library was empty.

Dungeon Overview and Level Annotations

Branches:
Dungeon (1/1)

Altars:
Makhleb


Innate Abilities, Weirdness & Mutations

You cannot wear most types of armour.
You are amphibious.
You can wear up to eight rings at the same time.
Your skin changes colour to match your surroundings (Stealth+).
Your rubbery body absorbs attacks. (AC +1, EV +1)
((You are camouflaged near water. (Stealth+)))
You have tentacles for arms and can constrict up to eight enemies at once.


Message History

Your Fighting skill gained 4 levels and is now at level 15!
Your Axes skill gained 7 levels and is now at level 7!
Your Throwing skill gained 3 levels and is now at level 14!
Your Dodging skill gained 5 levels and is now at level 25!
Your Unarmed Combat skill gained 5 levels and is now at level 25!
You have reached level 14!
You have reached level 15!
Your experience leads to an increase in your attributes!
Increase (S)trength, (I)ntelligence, or (D)exterity?
You feel stronger.
You feel clever.
Unknown command.
Press < or > to pray at altars.
Unknown command.
Press < or > to pray at altars.
Unknown command.
Press < or > to pray at altars.
Unknown command.
Press < or > to pray at altars.
Okay, then.
You hear a shout! x6
Things that are here:
a +9 battleaxe; a +30 ring of slaying; a meat berserker corpse The meat berserker appears out of thin air!
A meat berserker comes into view. It is wielding a +9 battleaxe.
The meat berserker shouts!
You hear a shout! x6
The bag of meat hits you with a +9 war axe!!
You hear a shout! x3
There is a staircase leading out of the dungeon, spattered with blood here.
Unknown command.
You are too injured to fight recklessly!
Unknown command.
You hit the bag of meat.
You fatally mangle the bag of meat.
You kill the bag of meat!
Makhleb accepts your kill.
You feel better.
You hear a shout! x7
The meat berserker hits you with a +9 battleaxe!
You hear a shout! x2
The meat berserker hits you with a +9 battleaxe!!!
You die...

..... .. #...
.# . #... ..#
..###... ..###.
......###......
....._......
#).O..# #_)@O_#
#..)..#
....._......
......###......
..###... ..###.
. #... ..# #...
.# ..... ..


You could see 2 meat berserkers.

Vanquished Creatures
  3 ogres (D)
  An orc (D)
4 creatures vanquished.

Notes
Turn   | Place    | Note
-------+----------+-------------------------------------------
     0 | D        | Found the +∞ Axe of Woe
     0 | D        | Zeld the Octopode Gladiator began the quest for the Orb.
     0 | D        | Reached XP level 1. HP: 14/14 MP: 1/1
     3 | D        | Noticed a meat berserker
     3 | D        | Killed a meat berserker
     3 | D        | Noticed a meat berserker
     3 | D        | Noticed a bag of meat
     3 | D        | Noticed a bag of meat
     3 | D        | Noticed a meat berserker
     4 | D        | Reached XP level 2. HP: 34/34 MP: 2/2
     4 | D        | Reached XP level 3. HP: 39/39 MP: 3/3
     4 | D        | Reached XP level 4. HP: 45/45 MP: 4/4
     4 | D        | Reached XP level 5. HP: 51/51 MP: 5/5
     4 | D        | Reached XP level 6. HP: 57/57 MP: 6/6
     4 | D        | Reached XP level 7. HP: 62/62 MP: 7/7
     4 | D        | Reached XP level 8. HP: 68/68 MP: 8/8
     4 | D        | Reached XP level 9. HP: 73/73 MP: 9/9
     4 | D        | Reached XP level 10. HP: 80/80 MP: 10/10
     4 | D        | Reached XP level 11. HP: 85/85 MP: 11/11
     4 | D        | Reached XP level 12. HP: 91/91 MP: 12/12
     4 | D        | Reached XP level 13. HP: 96/96 MP: 13/13
     5 | D        | Became a worshipper of Makhleb the Destroyer
     6 | D        | Killed a meat berserker
     6 | D        | Killed a meat berserker
     6 | D        | Reached * piety under Makhleb
     6 | D        | Noticed a meat berserker
     6 | D        | Noticed a bag of meat
     7 | D        | Reached skill level 15 in Fighting
     7 | D        | Reached XP level 14. HP: 65/110 MP: 14/14
     7 | D        | Reached XP level 15. HP: 68/116 MP: 15/15
     8 | D        | Noticed a meat berserker
     9 | D        | Mangled by a meat berserker

Illustrated notes

Levels and vault maps discovered:
D:        meatsprint

Skill      XL: |  1  2  3  4  5  6  7  8  9 10 11 12 13 |
---------------+----------------------------------------+-----
Fighting       | 11 15 | 15.4
Throwing       | 11 14 | 14.9
Dodging        | 20 25 | 25.0
Unarmed Combat | 20 25 | 25.1
Axes           | 7 |  7.0

Action                   |  1- 3 |  4- 6 |  7- 9 | 10-12 | 13-15 || total
-------------------------+-------+-------+-------+-------+-------++-------
Melee: Executioner's axe |     1 |       |       |       |     2 ||     3

Table legend: (Time is in decaauts)
 A = Elapsed time spent in this place.
 B = Non-inter-level travel time spent in this place.
 C = Inter-level travel time spent in this place.
 D = Time resting spent in this place.
 E = Time spent auto-exploring this place.
 F = Levels seen in this place.
 G = Mean time per level.
                   A        B        C        D        E       F      G
               +--------+--------+--------+--------+--------+-----+--------+
         Total |     10 |     10 |      0 |      0 |      0 |   1 |   10.0 |
       Dungeon |     10 |     10 |      0 |      0 |      0 |   1 |   10.0 |
               +--------+--------+--------+--------+--------+-----+--------+

Top non-repeatable levels by time:
       D: 10 daAuts
